 Dungeon Crawl Stone Soup version 0.27.1-2-g3b301248ec (webtiles) character file.

Game seed: 6554214583275891087

1757 Araneus the Basher (level 8, 0/58 HPs)
             Began as a Demonspawn Fighter on Oct 5, 2021.
             Was a Believer of Okawaru.
             Engulfed by a steam dragon's steam (2 damage)
             ... on level 7 of the Dungeon.
             The game lasted 00:18:07 (7220 turns).

Araneus the Basher (Demonspawn Fighter)             Turns: 7220, Time: 00:18:07

Health: 0/58       AC: 13    Str: 19    XL:     8   Next: 79%
Magic:  11/11      EV:  5    Int: 10    God:    Okawaru [**....]
Gold:   177        SH:  9    Dex: 12    Spells: 7/7 levels left

rFire    . . .     SeeInvis +   a - +0 flail
rCold    . . .     Faith    .   c - +0 kite shield
rNeg     . . .     Spirit   .   n - +0 chain mail
rPois    .         Reflect  .   (no helmet)
rElec    .         Harm     .   (no cloak)
rCorr    .         Rampage  .   (no gloves)
Will     .....                  e - +0 pair of boots
Stlth    ..........             (no amulet)
HPRegen  0.19/turn              v - ring of see invisible
MPRegen  0.12/turn              (no ring)

@: no status effects
A: talons 1, icy blue scales 2, powered by death 1, condensation shield
a: Renounce Religion, Heroism


You were on level 7 of the Dungeon.
You worshipped Okawaru.
Okawaru was pleased with you.
You visited 2 branches of the dungeon, and saw 8 of its levels.

You collected 249 gold pieces.
You spent 72 gold pieces at shops.

Inventory:

Hand Weapons
 a - a +0 flail (weapon)
 C - the +7 hunting sling "Ykeops" {vorpal, rCorr}
   (You found it on level 5 of the Dungeon)

   Any ammunition fired from it inflicts extra damage upon your enemies.
   rCorr:     It protects you from acid and corrosion.
Missiles
 B - 4 throwing nets (quivered)
Armour
 c - a +0 kite shield (worn)
 e - a +0 pair of boots (worn)
 n - a +0 chain mail (worn)
Jewellery
 v - a ring of see invisible (left hand)
 A - a +6 ring of strength
Wands
 h - a wand of flame (20)
 x - a wand of paralysis (10)
Scrolls
 f - 3 scrolls of brand weapon {unknown}
 g - a scroll of fog {unknown}
 j - a scroll of torment {unknown}
 l - 2 scrolls of enchant weapon {unknown}
 m - a scroll of fear {unknown}
 q - a scroll of noise {unknown}
 r - 2 scrolls of magic mapping {unknown}
 t - a scroll of blinking {unknown}
 u - 2 scrolls of teleportation {unknown}
 y - a scroll of amnesia {unknown}
 z - a scroll of acquirement {unknown}
Potions
 d - 2 potions of flight
 i - a potion of berserk rage


   Skills:
 - Level 3.0 Fighting
 + Level 9.8 Maces & Flails
 - Level 2.6 Armour
 + Level 3.3 Shields
 * Level 4.5 Invocations


You had 7 spell levels left.
You didn't know any spells.
Your spell library was empty.

Dungeon Overview and Level Annotations

Branches:
Dungeon (7/15)             Temple (1/1) D:5

Altars:
Ashenzari
Cheibriados
Dithmenos
Elyvilon
Fedhas
Gozag
Kikubaaqudgha
Makhleb
Nemelex Xobeh
Okawaru
Qazlal
Ru
Sif Muna
Trog
Uskayaw
Vehumet
Wu Jian
Xom
Yredelemnul
The Shining One

Shops:
D:3 *:?*?


Innate Abilities, Weirdness & Mutations

You have sharp toenails.
You are mostly covered in icy blue scales. (AC +3)
You regenerate a little health from kills.
A meltable shield of frost defends you. (SH +0)


Message History

You block the steam dragon's attack. x2
You hit the steam dragon.
The steam dragon is heavily wounded.
The steam dragon bites you! You block the steam dragon's attack.
You hit the steam dragon but do no damage.
The steam dragon is heavily wounded.
The steam dragon bites you!
* * * LOW HITPOINT WARNING * * *
The steam dragon barely misses you. The steam dragon breathes steam at you.
The ball of steam hits you.
* * * LOW HITPOINT WARNING * * *
Your chain mail prevents you from hitting the steam dragon.
The steam dragon is heavily wounded.
The steam dragon barely misses you. You block the steam dragon's attack.
You hit the steam dragon but do no damage.
The steam dragon is heavily wounded.
You block the steam dragon's attack.
The steam dragon claws you but does no damage.
You hit the steam dragon but do no damage.
The steam dragon is heavily wounded.
You block the steam dragon's attack. x2
You hit the steam dragon.
The steam dragon is heavily wounded.
The steam dragon breathes steam at you.
The ball of steam hits you but does no damage.
Your shield prevents you from hitting the steam dragon.
The steam dragon is heavily wounded.
You are engulfed in a cloud of scalding steam.
The steam dragon bites you.
* * * LOW HITPOINT WARNING * * *
The steam dragon claws you but does no damage.
Your chain mail prevents you from hitting the steam dragon.
The steam dragon is heavily wounded.
The steam dragon breathes steam at you.
The ball of steam hits you but does no damage.
You hit the steam dragon.
The steam dragon is heavily wounded.
You are engulfed in a cloud of scalding steam.
You die...

#.#.# #.#.#
#.#.#
#######§#.##
......§§...#
#######.##.#
####.##.#
#....##.#
#.##@##.# #
#D##.#
#.##.#
#.##.#
..##<# ...
###


You could see a steam dragon (catching breath).

Vanquished Creatures
  An ice beast (D:6)
  3 black bears (D:4)
  3 ogres
  A necrophage (D:5)
  A centaur (D:6)
  A phantom (D:7)
  Blork the orc (D:6)
  2 bullfrogs (D:6)
  2 scorpions (D:6)
  A wyvern skeleton (D:6)
  A water moccasin skeleton (D:5)
  A gnoll shaman (D:6)
  3 iguanas
  3 orc wizards (D:6)
  A killer bee zombie (D:5)
  2 hound skeletons
  12 gnolls
  A howler monkey skeleton (D:6)
  8 adders
  An adder zombie (D:3)
  3 worms (D:3)
  3 dart slugs
  9 orcs
  5 bats
  5 endoplasms
  2 giant cockroaches (D:2)
  11 goblins
  6 quokkas
  12 ball pythons
  3 frilled lizards (D:1)
  6 kobolds
  6 rats
120 creatures vanquished.

Vanquished Creatures (others)
  A plant (D:2)
1 creature vanquished.

Grand Total: 121 creatures vanquished

Notes
Turn   | Place    | Note
-------+----------+-------------------------------------------
     0 | D:1      | Araneus the Demonspawn Fighter began the quest for the Orb.
     0 | D:1      | Reached XP level 1. HP: 18/18 MP: 1/1
    68 | D:1      | Reached skill level 2 in Maces & Flails
   426 | D:1      | Gained mutation: A meltable shield of frost defends you.
                  | (SH +0) [demonic ancestry]
   426 | D:1      | Reached XP level 2. HP: 24/24 MP: 2/2
  1035 | D:1      | Reached skill level 3 in Maces & Flails
  1268 | D:2      | Gained mutation: You are partially covered in icy blue
                  | scales. (AC +2) [demonic ancestry]
  1268 | D:2      | Reached XP level 3. HP: 24/29 MP: 3/3
  1385 | D:2      | Found an ancient bone altar of Kikubaaqudgha.
  1887 | D:2      | Found a faded altar of an unknown god.
  2033 | D:2      | Reached skill level 4 in Maces & Flails
  2033 | D:2      | Reached XP level 4. HP: 27/35 MP: 4/4
  2245 | D:3      | Found Gazuned's Book Boutique.
  2267 | D:3      | Found Xyde's Magic Scroll Boutique.
  2307 | D:3      | Found Vyroco's Assorted Antiques.
  2311 | D:3      | Bought a scroll labelled GACACR INUS for 17 gold pieces
  2311 | D:3      | Bought a scroll labelled XUMONU WEORCH for 17 gold pieces
  2356 | D:3      | Found a sparkling altar of Nemelex Xobeh.
  2398 | D:3      | Found Yduj's Magic Scroll Emporium.
  2470 | D:3      | Found a hide-covered altar of Uskayaw.
  2479 | D:3      | Found Meink's Assorted Antiques.
  2489 | D:3      | Bought a glowing amethyst potion for 19 gold pieces
  2489 | D:3      | Bought a viscous green potion for 19 gold pieces
  2647 | D:3      | Noticed an ogre
  2658 | D:3      | Killed an ogre
  2659 | D:3      | Reached skill level 5 in Maces & Flails
  2659 | D:3      | Reached XP level 5. HP: 20/41 MP: 5/5
  3169 | D:4      | Noticed a black bear
  3173 | D:4      | Killed a black bear
  3174 | D:4      | Gained mutation: You have sharp toenails. [demonic
                  | ancestry]
  3174 | D:4      | Reached XP level 6. HP: 46/47 MP: 6/6
  3205 | D:4      | Reached skill level 6 in Maces & Flails
  3671 | D:4      | Reached skill level 7 in Maces & Flails
  3671 | D:4      | Gained mutation: You are mostly covered in icy blue scales.
                  | (AC +3) [demonic ancestry]
  3671 | D:4      | Reached XP level 7. HP: 50/52 MP: 7/7
  3793 | D:4      | Found a shimmering altar of Xom.
  3982 | D:5      | Entered Level 5 of the Dungeon
  4146 | D:5      | Found a staircase to the Ecumenical Temple.
  4156 | Temple   | Entered the Ecumenical Temple
  4315 | Temple   | Became a worshipper of Warmaster Okawaru
  4422 | D:5      | Reached skill level 1 in Invocations
  4897 | D:5      | Reached skill level 8 in Maces & Flails
  5272 | D:5      | Identified the +7 hunting sling "Ykeops" {vorpal, rCorr}
  5365 | D:6      | Found an opulent altar of Gozag.
  5404 | D:6      | Reached * piety under Okawaru
  5450 | D:6      | Gained mutation: You regenerate a little health from kills.
                  | [demonic ancestry]
  5450 | D:6      | Reached XP level 8. HP: 31/58 MP: 8/10
  5708 | D:6      | Found an opulent altar of Gozag.
  5717 | D:6      | Found an opulent altar of Gozag.
  5725 | D:6      | Found an opulent altar of Gozag.
  5729 | D:6      | Found a burning altar of Makhleb.
  5844 | D:6      | Reached skill level 9 in Maces & Flails
  6576 | D:6      | Noticed Blork the orc
  6582 | D:6      | Found a shimmering blue altar of Sif Muna.
  6594 | D:6      | Killed Blork the orc
  6761 | D:6      | Reached ** piety under Okawaru
  7218 | D:7      | HP: 2/58 [steam dragon (4)]
  7220 | D:7      | Engulfed by a steam dragon's steam

Illustrated notes

Levels and vault maps discovered:
D:1:      tarquinn_simple_flora_water_d, layout_basic
D:2:      layout_loops_cross, shapermc_ecumenical_altar_acropolis, basic_altar
D:3:      layout_rooms, nemelex_dance_club_becter,
          eat_drink_and_be_merry_uskayaw, serial_shops, shop, shop_statue,
          nicolae_diamond_shop, shop, shop, minmay_randomly_rotated_circles
D:4:      layout_loops_cross, mainiacjoe_overflow_catwalk, tgw_xom
D:5:      layout_basic, minmay_temple_entry_tees
D:6:      layout_basic, tgw_sif, nicolae_gozag_conspicuous_consumption,
          mainiacjoe_overflow_paths, chequers_serial_rivers_micro_a,
          minmay_splitting_lines
D:7:      layout_loops_ring, mainiacjoe_overflow_alcove_2, kennysheep_little_box
Temple:   nicolae_temple_figure_eight

Skill      XL: |  1  2  3  4  5  6  7  8 |
---------------+-------------------------+-----
Maces & Flails | 2 3 4 5 7 8 9 |  9.8
Invocations    | 2 4 |  4.5
Shields        | 3 |  3.3
Fighting       | |  3.0
Armour         | |  2.6

Action                   |  1- 3 |  4- 6 |  7- 9 || total
-------------------------+-------+-------+-------++-------
Melee: Flail             |   138 |    95 |   264 ||   497
       Kick              |       |    11 |     8 ||    19
Evoke: Wand              |       |       |     6 ||     6
  Use: Potion            |       |     1 |     9 ||    10
       Scroll            |       |       |     5 ||     5
 Stab: Invisible         |       |       |     1 ||     1
Armor: Scale mail        |    77 |    37 |    49 ||   163
       Skin              |       |       |     8 ||     8
       Chain mail        |       |       |    44 ||    44
Dodge: Dodged            |    31 |    30 |    54 ||   115
Block: Kite shield       |   101 |    64 |   163 ||   328
